 Dungeon Crawl Stone Soup version 0.28-a0-1510-gd0f6b136d3 (webtiles) character file.

Game seed: 96170954142445751

1 murtidash the Sneak (level 1, -1/20 HPs)
             Began as a Hill Orc Delver on Jan 14, 2022.
             Slain by a centaur skeleton (2 damage)
             ... on level 3 of the Dungeon.
             The game lasted 00:00:19 (27 turns).

murtidash the Sneak (Hill Orc Delver)                 Turns: 27, Time: 00:00:20

Health: -1/20      AC:  3    Str: 14    XL:     1   Next: 20%
Magic:  1/1        EV: 11    Int: 10    God:
Gold:   0          SH:  0    Dex: 12    Spells: 0/0 levels left

rFire   . . .      SeeInvis .   a - +0 hand axe
rCold   . . .      Faith    .   (no shield)
rNeg    . . .      Spirit   .   b - +0 leather armour
rPois   .          Reflect  .   (no helmet)
rElec   .          Harm     .   (no cloak)
rCorr   .          Rampage  .   (no gloves)
Will    .....                   (no boots)
Stlth   ++........              (no amulet)
HPRegen 0.06/turn               (no ring)
MPRegen 0.07/turn               (no ring)

@: no status effects
A: no striking features
a: no special abilities


You were on level 3 of the Dungeon.
You visited 1 branch of the dungeon, and saw 3 of its levels.

Inventory:

Hand Weapons
 a - a +0 hand axe (weapon)
Armour
 b - a +0 leather armour (worn)
Wands
 g - a wand of digging (3)
Scrolls
 c - a scroll of fog
 d - a scroll of magic mapping {!r}
 e - a scroll of fear
Potions
 f - a potion of haste


   Skills:
 + Level 3.7 Fighting
 + Level 2.8 Axes
 - Level 1.5 Dodging
 - Level 4.1 Stealth


You couldn't memorise any spells.
You didn't know any spells.
Your spell library was empty.

Dungeon Overview and Level Annotations

Branches:
Dungeon (5/15)
 Temple: D:4-7

Altars:


Message History

Welcome, murtidash the Hill Orc Delver.
Will you be the one to retrieve the terrific Orb of Zot from the depths?
Found a sedimented red potion, a robe, 5 gold pieces and 26 sling bullets.
Found a stone staircase leading down and a stone staircase leading up.
Lua error: attempt to yield across metamethod/C-call boundary An ogre comes into view.
It is wielding a +0 giant club.
The ogre shouts!
Found a scroll of magic mapping.
Found a stone staircase leading up.
There is a stone staircase leading up here.
You climb upwards.
The orc wizard shouts!
The orc shouts! x2; You hear a croak.
You hear a shout!
There is a stone staircase leading down here.
A bullfrog comes into view.
An orc comes into view. It is wielding a +0 club.
Found an escape hatch in the ceiling.
There is an escape hatch in the ceiling here.
A mysterious force pulls you upwards. The hatch slams shut behind you.
Found a book of Debilitation.
Found a stone staircase leading down.
The bat barely misses you. The bat misses you.
You hit the bat but do no damage. The bat hits you but does no damage. x2
The centaur skeleton hits you but does no damage.
The centaur skeleton kicks you but does no damage.
You slash the bat!
You kill the bat!
You hit the centaur skeleton but do no damage.
The centaur skeleton hits you but does no damage.
The centaur skeleton kicks you but does no damage.
Health restored: 20 You miss the kobold.
You hit the centaur skeleton. The centaur skeleton hits you.
The centaur skeleton kicks you. The kobold closely misses you.
The centaur skeleton closely misses you.
The centaur skeleton kicks you but does no damage.
You take 2 damage, and have 18/20 hp.
You closely miss the kobold. You hit the centaur skeleton.
The kobold closely misses you. The centaur skeleton barely misses you.
The centaur skeleton kicks you.
You take 1 damage, and have 17/20 hp.
You closely miss the kobold. You hit the centaur skeleton.
The centaur skeleton hits you.
The centaur skeleton kicks you but does no damage.
The kobold barely misses you. The centaur skeleton barely misses you.
The centaur skeleton kicks you but does no damage.
The kobold hits you but does no damage.
You take 2 damage, and have 15/20 hp.
You hit the kobold. You hit the centaur skeleton.
The centaur skeleton closely misses you.
The centaur skeleton barely misses you. The kobold barely misses you.
You barely miss the kobold. You hit the centaur skeleton.
The centaur skeleton barely misses you.
The centaur skeleton closely misses you.
The kobold barely misses you. The centaur skeleton hits you.
The centaur skeleton kicks you.
You take 3 damage, and have 12/20 hp.
You hit the kobold.
You kill the kobold!
You hit the centaur skeleton. The centaur skeleton barely misses you.
The centaur skeleton kicks you but does no damage.
You hit the centaur skeleton but do no damage.
The centaur skeleton hits you. The centaur skeleton kicks you.
The centaur skeleton hits you. The centaur skeleton kicks you.
* * * LOW HITPOINT WARNING * * *
You take 6 damage, and have 6/20 hp.
MASSIVE DAMAGE!!
You hit the centaur skeleton. The centaur skeleton hits you.
* * * LOW HITPOINT WARNING * * *
The centaur skeleton kicks you but does no damage.
The centaur skeleton barely misses you. The centaur skeleton kicks you.
* * * LOW HITPOINT WARNING * * *
You take 5 damage, and have 1/20 hp.
MASSIVE DAMAGE!!
You hit the centaur skeleton. The centaur skeleton hits you.
You die...

.# .# .# #
.# #. .#
#.. .#
#.#.:.###.#
......)@Z>#
#.#.#######


You could see a centaur skeleton.

Vanquished Creatures
  A bat (D:3)
  A kobold (D:3)
2 creatures vanquished.

Notes
Turn   | Place    | Note
-------+----------+-------------------------------------------
     0 | D:5      | murtidash the Hill Orc Delver began the quest for the Orb.
     0 | D:5      | Reached XP level 1. HP: 19/19 MP: 1/1
     1 | D:5      | Noticed an ogre
     5 | D:4      | Noticed an orc wizard
     6 | D:4      | Noticed a bullfrog
    26 | D:3      | HP: 3/20 [centaur skeleton (3)]
    26 | D:3      | HP: 1/20 [centaur skeleton (2)]
    27 | D:3      | Slain by a centaur skeleton

Illustrated notes

Levels and vault maps discovered:
D:3:      layout_basic, nicolae_yredelemnul_ghost_church,
          minmay_misc_feat_square, uniq_crazy_yiuf_cottage
D:4:      layout_loops_ring, nicolae_overflow_hidden_temple,
          mainiacjoe_overflow_brackets
D:5:      layout_rooms, fedhas_altar_1, serial_glass, glass_columns_c,
          glass_columns_a, feat_on_display, minmay_strange_pillars,
          item_on_display_a, feat_on_display

Action                   || total
-------------------------++-------
Melee: Hand axe          ||    11
Armor: Leather armour    ||    12
Dodge: Dodged            ||    16

Table legend: (Time is in decaauts)
 A = Elapsed time spent in this place.
 B = Non-inter-level travel time spent in this place.
 C = Inter-level travel time spent in this place.
 D = Time resting spent in this place.
 E = Time spent auto-exploring this place.
 F = Levels seen in this place.
 G = Mean time per level.
                   A        B        C        D        E       F      G
               +--------+--------+--------+--------+--------+-----+--------+
         Total |     28 |     28 |      0 |      0 |      0 |   3 |    9.3 |
       Dungeon |     28 |     28 |      0 |      0 |      0 |   3 |    9.3 |
               +--------+--------+--------+--------+--------+-----+--------+

Top non-repeatable levels by time:
     D:3: 13 daAuts
     D:4: 9 daAuts
     D:5: 5 daAuts

Table legend:
 A = Kills in this place as a percentage of kills in entire the game.
 B = Kills by you in this place as a percentage of kills by you in the entire game.
 C = Kills by friends in this place as a percentage of kills by friends in the entire game.
 D = Other kills in this place as a percentage of other kills in the entire game.
 E = Experience gained in this place as a percentage of experience gained in the entire game.
 F = Experience gained in this place divided by the number of levels of this place that you have seen.
                   A       B       C       D       E      F
               +-------+-------+-------+-------+-------+----------------------
         Total | 100.0 | 100.0 |   N/A |   N/A | 100.0 |   0.7
       Dungeon | 100.0 | 100.0 |   N/A |   N/A | 100.0 |   0.7
               +-------+-------+-------+-------+-------+----------------------
